 Dungeon Crawl Stone Soup version 0.18.1-48-g4cf74bf (webtiles) character file.

190 KarvaRausku the Cutter (level 6, -1/39 HPs)
             Began as a Kobold Chaos Knight on Aug 14, 2016.
             Slain by Grinder (2 damage)
             ... while paralysed by Grinder
             ... on level 4 of the Dungeon.
             The game lasted 00:10:10 (2409 turns).

KarvaRausku the Cutter (Kobold Chaos Knight)        Turns: 2409, Time: 00:10:11

Health: -1/39      AC:  5    Str:  9 (11) XL:     6   Next: 1%
Magic:  5/5        EV:  3    Int:  5 (8)  God:    Xom [*.....]
Gold:   204        SH:  0    Dex: 15 (17) Spells: 0 memorised, 5 levels left

rFire  . . .     SeeInvis .     a - +1 short sword (chaos)
rCold  . . .     Gourm    .     b - +2 leather armour
rNeg   . . .     Faith    .     (shield restricted)
rPois  .         Spirit   .     (helmet restricted)
rElec  .         Dismiss  .     (no cloak)
rCorr  .         Reflect  .     (no gloves)
SustAt .         Harm     .     (no boots)
MR     .....                    (no amulet)
Stlth  ++........               (no ring)
                                m - +5 ring of evasion

@: paralysed, not resistant to hostile enchantments, unstealthy
A: horns 1, blink, carnivore 3, dopey 1, low mp 1
a: Blink, Renounce Religion


You were on level 4 of the Dungeon.
You worshipped Xom.
You were a special plaything of Xom.
You were completely stuffed.

You visited 1 branch of the dungeon, and saw 4 of its levels.

You collected 204 gold pieces.

Inventory:

Hand Weapons
 a - a +1 short sword of chaos (weapon)
 u - a +0 rapier
Missiles
 o - 2 curare-tipped needles
 r - 22 poisoned needles
 v - a throwing net (quivered)
Armour
 b - a +2 leather armour (worn)
 e - a +1 helmet
 h - a +0 ring mail
 j - a +0 leather armour
Jewellery
 m - a +5 ring of evasion (left hand)
 n - an uncursed amulet of guardian spirit {unknown}
Scrolls
 g - 2 scrolls of teleportation {unknown}
 k - a scroll of remove curse {unknown}
 q - a scroll of identify
 w - a scroll of recharging {unknown}
 y - a scroll of enchant armour {unknown}
Potions
 d - 2 potions of agility
 f - 2 potions of curing
 l - a potion of berserk rage
Comestibles
 c - 3 meat rations
 t - 2 chunks of flesh


   Skills:
 + Level 4.3 Fighting
 + Level 5.4 Short Blades
 + Level 0.0 Throwing
 + Level 1.3 Armour
 + Level 4.1 Dodging
 + Level 2.2 Stealth


You had 5 spell levels left.
You didn't know any spells.

Dungeon Overview and Level Annotations

Branches:
Dungeon (4/15)
 Temple: D:4-7

Altars:
Gozag
Xom

Annotations:
D:4 Grinder


Innate Abilities, Weirdness & Mutations

You are small and have problems with some larger weapons.
You are carnivorous and can eat meat at any time.
You have a pair of small horns on your head.
You can translocate small distances at will.
You are dopey. (Int -2)
Your magical capacity is low (-10% MP).


Message History

Grinder is moderately wounded.
You hear Xom's maniacal laughter.
You feel a little dazed. Grinder gestures at you.
Pain shoots through your body!
You closely miss Grinder.
Grinder is moderately wounded.
The gnoll shouts!
You hit Grinder. Your headbutt misses Grinder.
Grinder is moderately wounded.
Grinder gestures at you.
You suddenly lose the ability to move!
Grinder hits you!
You writhe in agony.
* * * LOW HITPOINT WARNING * * *
Grinder hits you but does no damage. Grinder hits you!
* * * LOW HITPOINT WARNING * * *
You writhe in agony.
You die...
Xom laughs nastily!

..# ##...########.###...## .##
#...## ##. ###..### .#####..##
#.. #...#...# .##.....# #.#
#...###.##### ....###.# #.###....
#^....# ...## #..# #.##.....
#####.# .#.# ##... #$##..... #.#
.#.## ###. #.##.#### #.# .#..# .
#@##.######### #.. ..#.#
##5#..........# ##. ....#.....##
#.........>...# #.
%..........##.#..#..........# #.
............#.#.g#..........####.
............#.#..................
............#.gg............####.
............................# ..
............................#


You could see Grinder and 3 gnolls.

Vanquished Creatures
  A scorpion (D:3)
  4 gnolls (D:2)
  3 adders
  An ooze (D:3)
  2 worms
  A dart slug (D:1)
  A giant gecko (D:3)
  3 giant cockroaches
  10 hobgoblins
  3 jackals (D:3)
  6 kobolds
  2 quokkas
  A ball python (D:3)
  9 bats
  5 giant newts
  9 goblins
  7 rats
  A plant (D:3)
69 creatures vanquished.

Notes
Turn   | Place    | Note
--------------------------------------------------------------
     0 | D:1      | KarvaRausku the Kobold Chaos Knight began the quest for the Orb.
     0 | D:1      | Reached XP level 1. HP: 14/14 MP: 1/1
    99 | D:1      | XOM: divination: detect items
   128 | D:1      | XOM: potion effect (berserk rage)
   135 | D:1      | Reached XP level 2. HP: 19/19 MP: 2/2
   193 | D:1      | XOM: harmless Fire miscast
   326 | D:1      | XOM: divination: magic mapping
   404 | D:1      | Reached XP level 3. HP: 22/24 MP: 3/3
   479 | D:1      | XOM: harmless Trmt miscast
   488 | D:1      | XOM: divination: magic mapping
   490 | D:1      | XOM: divination: detect creatures
   690 | D:1      | XOM: silly message
  1026 | D:2      | XOM: summons friendly white imp
  1031 | D:2      | Reached XP level 4. HP: 29/29 MP: 4/4
  1043 | D:2      | Reached skill level 5 in Short Blades
  1201 | D:2      | Reached skill level 1 in Armour
  1342 | D:2      | XOM: god gift: 2 curare-tipped needles
  1468 | D:2      | Found an opulent altar of Gozag.
  1687 | D:3      | Reached XP level 5. HP: 33/33 MP: 5/5
  1849 | D:3      | XOM: scenery: create altars
  1929 | D:3      | Reached skill level 1 in Stealth
  2016 | D:3      | XOM: scenery: create altars
  2133 | D:3      | XOM: give mutation
  2133 | D:3      | Gained mutation: You are dopey. (Int -2) [Xom's mischief]
  2291 | D:4      | Reached XP level 6. HP: 39/39 MP: 6/6
  2358 | D:4      | XOM: polymorph gnoll -> rat
  2359 | D:4      | XOM: 3-stop teleportation journey
  2385 | D:4      | Gained mutation: Your magical capacity is low (-10% MP). [potion of mutation]
  2385 | D:4      | Gained mutation: You can translocate small distances at will. [potion of mutation]
  2385 | D:4      | Gained mutation: You have a pair of small horns on your head. [potion of mutation]
  2394 | D:4      | Noticed Grinder
  2404 | D:4      | XOM: mild Divn miscast
  2406 | D:4      | Paralysed by Grinder for 5 turns
  2409 | D:4      | HP: 1/39 [Grinder (10)]
  2409 | D:4      | Slain by Grinder

Skill      XL: |  1  2  3  4  5 |
---------------+----------------+-----
Dodging        | 3 4 |  4.1
Fighting       | 4 |  4.3
Short Blades   | 5 |  5.4
Armour         | 1 |  1.3
Stealth        | 2 |  2.2

Action                   |  1- 3 |  4- 6 || total
-------------------------+-------+-------++-------
Melee: Short sword       |    91 |   141 ||   232
  Use: Potion            |       |     5 ||     5
       Scroll            |       |     4 ||     4
 Stab: Sleeping          |     2 |     4 ||     6
       Petrified         |       |     2 ||     2
       Petrifying        |       |     1 ||     1
  Eat: Chunk             |     8 |     6 ||    14
Armor: Leather armour    |    20 |    16 ||    36
Dodge: Dodged            |    79 |    92 ||   171
